AoeStats
← Křovák

Arabian Desert

509903896Analyzed
1v1 RM · 4d ago on Sep 28, 2026· 116m 22s· 2 players
Game mode
Random Map
Map size
Tiny (2 player)
Population
200
Speed
Normal
Resources
Standard
Victory
Conquest
Starting age
Dark Age
Ending age
Imperial Age
RankedLock teamsTeams togetherTeam positionsShared explorationLock speedFull tech treeHidden civsTurbo modeCheats
Victory
Defeat
🇨🇿 Malians · Czechia
841
+15
🇩🇪 Byzantines · Germany
817
-15
janderschnuggi
7:15 Loom
10:50 Feudal Age
11:59 Horse Collar
12:05 Double-Bit Axe
21:45 Castle Age
20:01 Fletching
21:43 Wheelbarrow
21:16 Padded Archer Armor
22:06 Crossbowman
23:17 Bow Saw
24:49 Heavy Plow
26:14 Elite Skirmisher
27:06 Thumb Ring
31:46 Bodkin Arrow
32:08 Leather Archer Armor
31:59 Scale Barding Armor
32:04 Forging
32:21 Light Cavalry
33:01 Husbandry
35:04 Ballistics
38:49 Imperial Age
38:31 Husbandry
38:44 Pikeman
40:27 Hand Cart
42:55 Chemistry
44:23 Two-Man Saw
44:02 Crop Rotation
44:49 Halberdier
47:11 Chain Barding Armor
47:26 Iron Casting
48:42 Heavy Camel Rider
50:59 Plate Barding Armor
56:08 Arbalester
56:27 Elite Cataphract
58:43 Light Cavalry
59:30 Scale Mail Armor
59:31 Bracer
60:01 Ring Archer Armor
59:50 Hussar
67:15 Cavalier
76:58 Squires
Křovák
7:53 Loom
10:21 Feudal Age
11:59 Double-Bit Axe
14:46 Horse Collar
18:35 Castle Age
18:12 Fletching
18:23 Padded Archer Armor
20:09 Bow Saw
20:00 Heavy Plow
20:12 Crossbowman
20:39 Crossbowman
32:04 Scale Mail Armor
34:21 Forging
36:34 Scale Barding Armor
36:40 Forging
39:43 Imperial Age
40:27 Farimba
40:48 Conscription
41:55 Cavalier
43:54 Iron Casting
43:40 Chain Barding Armor
44:39 Bodkin Arrow
52:22 Gold Mining
52:23 Stone Mining
61:13 Pikeman
61:54 Squires
62:12 Chain Mail Armor
68:13 Plate Mail Armor
67:33 Arson
76:51 Wheelbarrow
77:03 Murder Holes
77:29 Ballistics
81:12 Hoardings
81:00 Elite Skirmisher
81:50 Thumb Ring
84:12 Town Watch
85:31 Leather Archer Armor
98:03 Tigui
97:36 Sappers
100:54 Chemistry
104:29 Light Cavalry
111:22 Bloodlines
Connection lost

Rejoining the realm…

Still unreachable

The connection could not be restored.

Session expired

The server has moved on; the page needs a fresh start.